 Dungeon Crawl Stone Soup version 0.31-a0-986-g5e6e4ef867 (webtiles) character file.

Game seed: 15775113161103726008

86 sammy202020 the Ruffian (level 4, 0/33 HPs)
             Began as a Demonspawn Shapeshifter on Nov 14, 2023.
             Slain by an orc
             ... wielding a +0 trident
              (7 damage)
             ... on level 3 of the Dungeon.
             The game lasted 00:02:29 (1868 turns).

sammy202020 the Ruffian (Demonspawn Shapeshifter)   Turns: 1868, Time: 00:02:30

Health: 0/33       AC:  7    Str: 20    XL:     4   Next: 27%
Magic:  4/4        EV: 11    Int: 10    God:
Gold:   120        SH:  0    Dex: 12    Spells: 3/3 levels left

rFire   + .          .
                       - Unarmed
rCold   . . .        (no shield)
rNeg    . . .        m - +0 ring mail
rPois   .            (helmet currently unavailable)
rElec   .            (cloak currently unavailable)
rCorr   .            (gloves currently unavailable)
SInv    .            (boots currently unavailable)
Will    .....        (no amulet)
Stlth   +            o - ring of protection from fire
HPRegen 0.25/turn    (no ring)
MPRegen 0.09/turn

%: no passive effects
@: beast-form
A: beast (slay +1), hooves 1, yellow scales 1, powered by pain 1, strong 1
a: Begin Untransformation


You were on level 3 of the Dungeon.
You were a hulking beast.
You visited 1 branch of the dungeon, and saw 3 of its levels.

You collected 120 gold pieces.

Inventory:

Armour
 a - a +0 animal skin
 m - a +0 ring mail (worn)
Jewellery
 o - a ring of protection from fire (left hand)
Talismans
 c - a beast talisman
 d - a flux talisman
Scrolls
 e - a scroll of fear {unknown}
 l - a scroll of fog
Potions
 b - a potion of lignification
 n - a potion of ambrosia


   Skills:
 * Level 2.1 Fighting
 + Level 1.0 Armour
 + Level 2.1 Dodging
 * Level 3.2 Unarmed Combat
 * Level 3.2 Shapeshifting


You had 3 spell levels left.
You didn't know any spells.
Your spell library contained the following spells:

 Spells                   Type           Power      Damage    Failure   Level
 Ensorcelled Hibernation  Hex/Ice        0%         N/A       67%         2
 Passwall                 Tmut/Erth      0%         N/A       67%         2
 Call Canine Familiar     Summ           0%         N/A       88%         3
 Sigil of Binding         Hex            0%         N/A       88%         3
 Swiftness                Air            0%         N/A       88%         3
 Dimensional Bullseye     Hex/Tloc       0%         N/A       99%         4
 Leda's Liquefaction      Hex/Erth       0%         N/A       99%         4


Dungeon Overview and Level Annotations

Branches:
Dungeon (3/15)

Altars:
Cheibriados


Innate Abilities, Weirdness & Mutations

You are a hulking beast.
Your limbs bulge with bestial killing power. (Slay +1)
You have large cloven feet.
You are partially covered in yellow scales. (AC +2)
You sometimes gain a little power by taking damage.
Your muscles are strong. (Str +4, Int/Dex -1)


Message History

The goblin unwields a +0 sling.
The goblin wields a +0 dagger.
The goblin closely misses you.
The orc priest invokes the aid of Beogh against you.
Beogh smites you!
* * * LOW HITPOINT WARNING * * *
You are too injured to fight recklessly!
You are too injured to fight recklessly!
You are too injured to fight recklessly!
You are too injured to fight recklessly!
You are too injured to fight recklessly!
You are too injured to fight recklessly!
You are too injured to fight recklessly!
You are too injured to fight recklessly!
You are too injured to fight recklessly!
You are too injured to fight recklessly!
You are too injured to fight recklessly!
You are too injured to fight recklessly!
You are too injured to fight recklessly!
You are too injured to fight recklessly!
You are too injured to fight recklessly!
You are too injured to fight recklessly!
You are too injured to fight recklessly!
You are too injured to fight recklessly!
You are too injured to fight recklessly!
You are too injured to fight recklessly!
You are too injured to fight recklessly!
Unknown command.
The goblin unwields a +0 dagger.
The goblin wields a +0 sling.
The goblin shoots a sling bullet.
The sling bullet hits you but does no damage.
The worm attacks as it pursues you! The worm closely misses you.
The orc barely misses you.
The orc priest begins to cast a cantrip, but forgets the words!
The ball python bites you but does no damage.
The ball python misses you.
It was a potion of mutation.
You feel extremely strange.
You feel stronger. The ball python closely misses you.
The ball python barely misses you.
The orc hits you from afar with a +0 trident!
You die...

... # .. #.####
..##+ ###..>..
... ........ ...
#. ... #.# ##.
..... #.# #..
.....### #h# #.#
........# #S#
##.#
........###o#
#...
........o.wF#
#..#
.....#...oor##
###..#
.....#.g...g.#
#.....
.....o....<..#
##.#..#
..........!..###
###.....#
...............#
##...#....


You could see a bullfrog, a worm, 2 orcs, a goblin, a ball python and a rat.

Vanquished Creatures
  3 adders (D:2)
  3 dart slugs
  5 endoplasms
  2 giant cockroaches
  A goblin (D:1)
  4 hobgoblins
  9 jackals
  4 kobolds
  2 quokkas
  6 ball pythons
  3 bats
  4 frilled lizards
  2 rats
48 creatures vanquished.

Notes
Turn   | Place    | Note
-------+----------+-------------------------------------------
     0 | D:1      | sammy202020 the Demonspawn Shapeshifter began the quest for
                  | the Orb.
     0 | D:1      | Reached XP level 1. HP: 15/15 MP: 1/1
   300 | D:1      | Gained mutation: You sometimes gain a little power by
                  | taking damage. [demonic ancestry]
   300 | D:1      | Reached XP level 2. HP: 21/21 MP: 2/2
  1076 | D:2      | Gained mutation: You are partially covered in yellow
                  | scales. (AC +2) [demonic ancestry]
  1076 | D:2      | Reached XP level 3. HP: 26/26 MP: 3/3
  1355 | D:2      | Found a snail-covered altar of Cheibriados.
  1595 | D:2      | Gained mutation: You have large cloven feet. [demonic
                  | ancestry]
  1595 | D:2      | Reached XP level 4. HP: 31/33 MP: 4/4
  1671 | D:2      | Reached skill level 1 in Armour
  1859 | D:3      | Noticed a bullfrog
  1868 | D:3      | Gained mutation: Your muscles are strong. (Str +4, Int/Dex
                  | -1) [potion of mutation]
  1868 | D:3      | Slain by an orc

Illustrated notes

Levels and vault maps discovered:
D:1:      wheals_arrival_shading, layout_basic, st_stairs_5
D:2:      layout_basic, basic_altar
D:3:      layout_basic, mainiacjoe_overflow_paths, bloody_makhleb,
          roderic_cross_of_infinity

Skill      XL: |  1  2  3  4 |
---------------+-------------+-----
Dodging        | 2 |  2.1
Shapeshifting  | 3 |  3.2
Unarmed Combat | 3 |  3.2
Fighting       | 2 |  2.1
Armour         | 1 |  1.0

Action                     |  1- 3 |  4- 6 || total
---------------------------+-------+-------++-------
  Melee: Unarmed           |   135 |    18 ||   153
         Punch             |     1 |       ||     1
         Kick              |       |     6 ||     6
    Use: Scroll            |       |     6 ||     6
         Potion            |       |     5 ||     5
 Armour: Animal skin       |    65 |       ||    65
         Ring mail         |    18 |    14 ||    32
  Dodge: Dodged            |   102 |    19 ||   121

Table legend: (Time is in decaauts)
 A = Elapsed time spent in this place.
 B = Non-inter-level travel time spent in this place.
 C = Inter-level travel time spent in this place.
 D = Time resting spent in this place.
 E = Time spent auto-exploring this place.
 F = Levels seen in this place.
 G = Mean time per level.
                   A        B        C        D        E       F      G
               +--------+--------+--------+--------+--------+-----+--------+
         Total |   1858 |   1858 |      0 |      0 |   1459 |   3 |  619.3 |
       Dungeon |   1858 |   1858 |      0 |      0 |   1459 |   3 |  619.3 |
               +--------+--------+--------+--------+--------+-----+--------+

Top non-repeatable levels by time:
     D:1: 1044 daAuts
     D:2: 705 daAuts
     D:3: 108 daAuts
